 Dungeon Crawl Stone Soup version 0.29-a0-451-gfbfa42419e (console) character file.

Game seed: 6974011970893127760

130 Faeu the Caller (level 5, -4/35 HPs)
             Began as a Merfolk Summoner on May 19, 2022.
             Slain by an iguana (10 damage)
             ... on level 3 of the Dungeon.
             The game lasted 00:12:38 (3850 turns).

Faeu the Caller (Merfolk Summoner)                  Turns: 3850, Time: 00:12:39

Health: -4/35      AC:  5    Str:  9    XL:     5   Next: 13%
Magic:  7/8        EV: 12    Int: 14    God:
Gold:   197        SH:  0    Dex: 16    Spells: 7/8 levels left

rFire   . . .      SeeInvis .   g - +0 mace
rCold   . . .      Faith    .   (no shield)
rNeg    . . .      Spirit   .   q - +1 leather armour "Imaitsis" {Stlth+}
rPois   .          Reflect  .   (no helmet)
rElec   .          Harm     .   (no cloak)
rCorr   .          Rampage  .   (no gloves)
Will    .....                   l - +0 pair of boots
Stlth   +++.......              (no amulet)
HPRegen 0.11/turn               (no ring)
MPRegen 0.11/turn               (no ring)

@: no status effects
A: (nimble swimmer 2), mertail, iridescent scales 1, deformed body
a: no special abilities


You were on level 3 of the Dungeon.
You visited 1 branch of the dungeon, and saw 4 of its levels.

You collected 197 gold pieces.

Inventory:

Hand Weapons
 f - a +0 dagger
 g - a +0 mace (weapon)
Missiles
 c - 107 stones
 n - 8 poisoned darts
 o - 4 curare-tipped darts
Armour
 a - a +0 robe
 l - a +0 pair of boots (worn)
 p - a +0 leather armour
 q - the +1 leather armour "Imaitsis" (worn) {Stlth+}
   (You found it on level 2 of the Dungeon)

   Stlth:     It makes you more stealthy.
Jewellery
 k - an amulet of guardian spirit
Wands
 v - a wand of iceblast (12)
Scrolls
 d - 7 scrolls of teleportation {unknown}
 h - a scroll of torment {unknown}
 i - 2 scrolls of identify {unknown}
 j - a scroll of amnesia {unknown}
 m - a scroll of vulnerability {unknown}
 r - a scroll of noise {unknown}
 u - a scroll of enchant armour {unknown}
Potions
 b - a potion of magic
 e - a potion of mutation
 s - a potion of curing {unknown}
 t - a potion of brilliance {unknown}


   Skills:
 + Level 1.5 Short Blades
 - Level 3.1 Dodging
 - Level 2.5 Stealth
 - Level 2.2 Spellcasting
 + Level 5.7 Summonings


You had 7 spell levels left.
You knew the following spells:

 Your Spells              Type           Power      Damage    Failure   Level
a - Summon Small Mammal   Summ           68%        N/A       3%          1

Your spell library contained the following spells:

 Spells                   Type           Power      Damage    Failure   Level
 Call Imp                 Summ           17%        N/A       4%          2
 Call Canine Familiar     Summ           17%        N/A       10%         3
 Summon Guardian Golem    Hex/Summ       9%         N/A       30%         3
 Summon Lightning Spire   Summ/Air       9%         N/A       71%         4


Dungeon Overview and Level Annotations

Branches:
Dungeon (4/15)
 Temple: D:4-7

Altars:

Shops:
D:1 :   D:3 (


Innate Abilities, Weirdness & Mutations

((You are very nimble when in or above water. (Stealth+, EV+, Speed+++)))
Your lower body shifts to a powerful aquatic tail in water.
You are partially covered in iridescent scales. (AC +2)
Armour fits poorly on your strangely shaped body.


Message History

You now have 197 gold pieces (gained 12).
A goblin comes into view. It is wielding a +0 dagger.
Your quokka disappears in a puff of smoke!
d - 7 scrolls labelled VUG YTOTOLUAST (gained 1)
Found a dagger.
An iguana comes into view.
The helpless iguana fails to defend itself.
You hit the iguana.
The iguana is lightly wounded.
The iguana bites you but does no damage.
You closely miss the iguana.
The iguana is lightly wounded.
The iguana closely misses you.
You hit the iguana.
The iguana is lightly wounded.
The iguana bites you! The iguana barely misses you.
You closely miss the iguana.
The iguana is lightly wounded.
The iguana bites you!
You hit the iguana.
The iguana is heavily wounded.
The iguana bites you!
* * * LOW HITPOINT WARNING * * *
The iguana closely misses you.
You are too injured to fight recklessly!
You hit the iguana but do no damage.
The iguana is heavily wounded.
The iguana bites you but does no damage.
You hit the iguana but do no damage.
The iguana is heavily wounded.
The iguana barely misses you.
You closely miss the iguana.
The iguana is heavily wounded.
The iguana bites you.
* * * LOW HITPOINT WARNING * * *
The iguana closely misses you.
Casting: Summon Small Mammal (safe; 3% risk of failure)
Press: ? - help, Q - select action, (/) - cycle Dir - look around, f - activate The iguana bites you!
You die...

#< .....##... ##
......... .........
......... . ......#
#####+#######....#
.##..............+
.##..........# #.#
..#..........# #l##
..#..........# #@.##
..#..........###r..##
..................8.##
.#.##+#####..........##
.#... #.............
.#..... #.........)...
##......#
#............. #.##+###
#............. .g.
############## ...


You could see an iguana (ally target) and a friendly rat (summoned).

Vanquished Creatures
  4 adders
  4 orcs (D:3)
  3 ball pythons
  2 endoplasms
  7 giant cockroaches
  3 goblins
  3 hobgoblins
  3 kobolds
  A quokka (D:1)
  2 rats
32 creatures vanquished.

Vanquished Creatures (collateral kills)
  An adder (D:2)
  A dart slug (D:2)
  An orc (D:3)
  3 ball pythons
  An endoplasm (D:2)
  6 giant cockroaches (D:2)
  4 goblins
  7 hobgoblins
  A bat (D:1)
  3 frilled lizards
  2 kobolds
30 creatures vanquished.

Vanquished Creatures (others)
  An orc wizard (D:3)
  A fungus (D:1)
  A plant (D:1)
3 creatures vanquished.

Grand Total: 65 creatures vanquished

Notes
Turn   | Place    | Note
-------+----------+-------------------------------------------
     0 | D:1      | Faeu the Merfolk Summoner began the quest for the Orb.
     0 | D:1      | Reached XP level 1. HP: 13/13 MP: 3/3
   136 | D:1      | Found Tiym's Book Emporium.
   624 | D:1      | Reached XP level 2. HP: 13/19 MP: 0/5
  1058 | D:1      | Found a faded altar of an unknown god.
  1532 | D:1      | Reached XP level 3. HP: 18/24 MP: 6/6
  1922 | D:2      | Gained mutation: Armour fits poorly on your strangely
                  | shaped body. [potion of mutation]
  1922 | D:2      | Gained mutation: You are partially covered in iridescent
                  | scales. (AC +2) [potion of mutation]
  2328 | D:2      | Identified the +1 leather armour "Imaitsis" {Stlth+}
  2340 | D:2      | Reached skill level 5 in Summonings
  2340 | D:2      | Reached XP level 4. HP: 28/30 MP: 7/7
  2919 | D:3      | Found Teinoer's Weapon Emporium.
  3314 | D:3      | Reached skill level 1 in Short Blades
  3327 | D:3      | Reached XP level 5. HP: 11/35 MP: 8/8
  3850 | D:3      | Slain by an iguana

Illustrated notes

Levels and vault maps discovered:
D:1:      dpeg_arrival_snail, layout_loops_ring, serial_shops, shop,
          shapermc_ecumenical_altar_mp_ritualfount
D:2:      minmay_roachtagon, layout_rooms
D:3:      layout_basic, nicolae_overflow_ecumenical_swirl, serial_shops, shop
D:4:      kennysheep_spiral_hall, layout_basic, xom_butterflies

Skill      XL: |  1  2  3  4 |
---------------+-------------+-----
Dodging        | 3 |  3.1
Summonings     | 5 |  5.7
Short Blades   | 1 |  1.5
Stealth        | |  2.5
Spellcasting   | |  2.2

Action                   |  1- 3 |  4- 6 || total
-------------------------+-------+-------++-------
Melee: Unarmed           |    16 |       ||    16
       Mace              |    59 |    71 ||   130
       Dagger            |     3 |       ||     3
       Punch             |       |     1 ||     1
 Cast: Summon Small Mamm |    32 |    34 ||    66
  Use: Potion            |     2 |       ||     2
 Stab: Sleeping          |     2 |     2 ||     4
       Distracted        |       |     1 ||     1
Armor: Robe              |    21 |       ||    21
       Leather armour    |       |    29 ||    29
Dodge: Dodged            |    59 |    54 ||   113

Table legend: (Time is in decaauts)
 A = Elapsed time spent in this place.
 B = Non-inter-level travel time spent in this place.
 C = Inter-level travel time spent in this place.
 D = Time resting spent in this place.
 E = Time spent auto-exploring this place.
 F = Levels seen in this place.
 G = Mean time per level.
                   A        B        C        D        E       F      G
               +--------+--------+--------+--------+--------+-----+--------+
         Total |   3901 |   3866 |     35 |    732 |   2025 |   4 |  975.2 |
       Dungeon |   3901 |   3866 |     35 |    732 |   2025 |   4 |  975.2 |
               +--------+--------+--------+--------+--------+-----+--------+

Top non-repeatable levels by time:
     D:1: 1726 daAuts
     D:2: 1221 daAuts
     D:3: 673 daAuts
     D:4: 280 daAuts
